cohdb
Replays
Latest Replays
All Replays
Popular Replays
Top Player Replays
Match Explorer
How It Works
Community
CoH3 Stats
Reddit
Sign in to upload your games and track your stats! →
Sign in with Steam
Match 47009026
Unlisted
Match 47009026
Overview
Messages
Build Orders
End
Construct Section Command Post
Selects Air and Sea Battlegroup
Vickers Machine Gun Team
Dingo Light Scout Car
Infantry Section
Infantry Section
Vickers Machine Gun Team
Construct Platoon Command Post
6-pounder Anti-tank Gun Team
Selects Supply Surplus
Selects UNKNOWN (223837)
Construct Field Infirmary
Construct Company Command Post
Selects Commando Section Paradrop
Commando Section Paradrop
Unlock M3 Grant Medium Tanks
M3 Grant Medium Tank
CHMA | semouryhit2
SirCinnamonBuns
A_Smoove
MJA911
0
0
Comments
sign in to comment!
No comments posted yet!